 Dungeon Crawl Stone Soup version 0.28-a0-1616-g050a50673c (webtiles) character file.

Game seed: 9894043670404498073

2 sgarv the Shield-Bearer (level 1, 20/20 HPs)
             Began as a Minotaur Fighter on Jan 22, 2022.
             Quit the game on level 1 of the Dungeon.
             The game lasted 00:00:16 (36 turns).

sgarv the Shield-Bearer (Minotaur Fighter)            Turns: 36, Time: 00:00:16

Health: 20/20      AC:  7    Str: 20    XL:     1   Next: 33%
Magic:  0/0        EV:  9    Int:  5    God:
Gold:   0          SH:  4    Dex:  9    Spells: 0/0 levels left

rFire   . . .      SeeInvis .   a - +0 flail
rCold   . . .      Faith    .   c - +0 buckler
rNeg    . . .      Spirit   .   b - +0 scale mail
rPois   .          Reflect  .   (helmet restricted)
rElec   .          Harm     .   (no cloak)
rCorr   .          Rampage  .   (no gloves)
Will    .....                   (no boots)
Stlth   ..........              (no amulet)
HPRegen 0.06/turn               (no ring)
MPRegen 0.07/turn               (no ring)

@: no status effects
A: horns 2, retaliatory headbutt
a: no special abilities


You were on level 1 of the Dungeon.
You visited 1 branch of the dungeon, and saw 1 of its levels.

Inventory:

Hand Weapons
 a - a +0 flail (weapon)
Armour
 b - a +0 scale mail (worn)
 c - a +0 buckler (worn)
Potions
 d - a potion of might


   Skills:
 + Level 3.7 Fighting
 + Level 2.4 Maces & Flails
 + Level 3.7 Armour
 + Level 3.7 Shields


You couldn't memorise any spells.
You didn't know any spells.
Your spell library was empty.

Dungeon Overview and Level Annotations

Branches:
Dungeon (1/15)

Altars:


Innate Abilities, Weirdness & Mutations

You have a pair of horns on your head.
You reflexively headbutt those who attack you in melee.


Message History

Welcome, sgarv the Minotaur Fighter.
The Orb of Zot is coveted for many reasons.
Will you seize it for your own?
Press ? for a list of commands and other information.
Found 7 arrows.
Found a staircase leading out of the dungeon.
You open the door.
There is an open door here.
Found a chain mail.
An endoplasm comes into view.
The endoplasm quivers.
Found a stone staircase leading down.
You thump the endoplasm!
You kill the endoplasm!
No target in view!
Found a chain mail.
Found 23 stones and a robe.
A bat comes into view.
The bat hits you.
You closely miss the bat. Your headbutt misses the bat.
The bat hits you but does no damage.
You hit the bat.
The bat is severely wounded.
The bat closely misses you. You furiously retaliate!
You headbutt the bat.
You kill the bat!
No target in view!
HP restored.
You see here a bat corpse.
A ball python comes into view.
The ball python hisses angrily.
The ball python closely misses you. The ball python barely misses you.
A ball python is nearby!
Unknown command.
Are you sure you want to abandon this character and quit the game? (Confirm with "yes".)

#.#. ... ... .. #.### #.
#...# #..####.S(# ##[
#....##@.####....
#...#.......# #######
###†##..#...# #.....#
#.......#. #..(..###
####....#.[. +..<..'.#
###.......# #.....#.##
#....#......
#.....#..####..###.#....
#######..#....## # #..


You could see a ball python.

Vanquished Creatures
  A bat (D:1)
  An endoplasm (D:1)
2 creatures vanquished.

Notes
Turn   | Place    | Note
-------+----------+-------------------------------------------
     0 | D:1      | sgarv the Minotaur Fighter began the quest for the Orb.
     0 | D:1      | Reached XP level 1. HP: 19/19 MP: 0/0
    36 | D:1      | Quit the game

Illustrated notes

Levels and vault maps discovered:
D:1:      minmay_arrival_checkered_box, layout_rooms,
          corexii_item_surrounded_by_moat, minmay_pentomino_s4

Action                   || total
-------------------------++-------
Melee: Flail             ||     3
Armor: Scale mail        ||     1
Dodge: Dodged            ||     3

Table legend: (Time is in decaauts)
 A = Elapsed time spent in this place.
 B = Non-inter-level travel time spent in this place.
 C = Inter-level travel time spent in this place.
 D = Time resting spent in this place.
 E = Time spent auto-exploring this place.
 F = Levels seen in this place.
 G = Mean time per level.
                   A        B        C        D        E       F      G
               +--------+--------+--------+--------+--------+-----+--------+
         Total |     36 |     36 |      0 |      0 |     25 |   1 |   36.0 |
       Dungeon |     36 |     36 |      0 |      0 |     25 |   1 |   36.0 |
               +--------+--------+--------+--------+--------+-----+--------+

Top non-repeatable levels by time:
     D:1: 36 daAuts
